 Dungeon Crawl Stone Soup version 0.29.1-15-g9cfb28693d (webtiles) character file.

Game seed: 12251781457773496653

5 fleeber the Slasher (level 1, 0/16 HPs)
             Began as a Merfolk Gladiator on Mar 8, 2023.
             Slain by a hobgoblin (3 damage)
             ... on level 1 of the Dungeon.
             The game lasted 00:00:26 (85 turns).

fleeber the Slasher (Merfolk Gladiator)               Turns: 85, Time: 00:00:26

Health: 0/16       AC:  4    Str: 14    XL:     1   Next: 80%
Magic:  1/1        EV: 13    Int:  7    God:
Gold:   0          SH:  0    Dex: 15    Spells: 0/0 levels left

rFire   . . .      SeeInvis .   a - +0 long sword
rCold   . . .      Faith    .   (no shield)
rNeg    . . .      Spirit   .   b - +0 leather armour
rPois   .          Reflect  .   c - +0 helmet
rElec   .          Harm     .   (no cloak)
rCorr   .          Rampage  .   (no gloves)
Will    .....                   (no boots)
Stlth   +.........              (no amulet)
HPRegen 0.05/turn               (no ring)
MPRegen 0.07/turn               (no ring)

@: no status effects
A: (nimble swimmer 2), mertail
a: no special abilities


You were on level 1 of the Dungeon.
You visited 1 branch of the dungeon, and saw 1 of its levels.

Inventory:

Hand Weapons
 a - a +0 long sword (weapon)
Missiles
 d - 3 throwing nets (quivered)
 e - a javelin
Armour
 b - a +0 leather armour (worn)
 c - a +0 helmet (worn)
Scrolls
 f - a scroll of identify {unknown}
Potions
 g - a potion of cancellation {unknown}


   Skills:
 - Level 2.1 Fighting
 + Level 4.1 Long Blades
 - Level 2.0 Throwing
 - Level 4.0 Dodging


You couldn't memorise any spells.
You didn't know any spells.
Your spell library was empty.

Dungeon Overview and Level Annotations

Branches:
Dungeon (1/15)

Altars:


Innate Abilities, Weirdness & Mutations

((You are very nimble when in or above water. (Stealth+, EV+, Speed+++)))
Your lower body shifts to a powerful aquatic tail in water.


Message History

A hobgoblin comes into view.
Your Long Blades skill increases to level 4!
The hobgoblin shouts!
You hit the hobgoblin but do no damage. The hobgoblin barely misses you.
The hobgoblin attacks as you move away! The hobgoblin closely misses you.
A ball python comes into view.
The ball python hisses angrily.
The ball python moves out of view.
You see here a fuming ruby potion.
The hobgoblin attacks as you move away! The hobgoblin barely misses you.
The hobgoblin attacks as you move away! The hobgoblin barely misses you.
The hobgoblin attacks as you move away! The hobgoblin hits you.
You barely miss the hobgoblin. The hobgoblin barely misses you.
You closely miss the hobgoblin. The hobgoblin closely misses you.
The hobgoblin barely misses you.
You hit the hobgoblin but do no damage. The hobgoblin closely misses you.
The hobgoblin misses you. x2
The hobgoblin hits you but does no damage.
You barely miss the hobgoblin. The hobgoblin hits you. x2
You closely miss the hobgoblin. The hobgoblin barely misses you.
The hobgoblin hits you.
You barely miss the hobgoblin.
The hobgoblin hits you but does no damage.
The hobgoblin barely misses you.
You slash the hobgoblin!
You kill the hobgoblin!
The hobgoblin closely misses you.
You hit the ball python but do no damage.
The ball python bites you but does no damage.
The ball python grabs you. The ball python constricts you.
The hobgoblin hits you.
The ball python bites you but does no damage.
The ball python constricts you.
* * * LOW HITPOINT WARNING * * *
The hobgoblin hits you.
* * * LOW HITPOINT WARNING * * *
You slash the ball python!
You kill the ball python!
The hobgoblin hits you.
You die...

#..##g.##.#.......)
##....##..#........
#........##........
#.#.>..####........
#. #....# #......
#..!g# ....
#..wB#####.#
#.##wg.....#
#..#.@......##
#.#..........#
#.#..........#
#.#..........#
#..........#
#..........#
##........##
..........#
.........#


You could see 2 dart slugs, a giant cockroach and 2 hobgoblins.

Vanquished Creatures
  2 hobgoblins (D:1)
  2 ball pythons (D:1)
  2 kobolds (D:1)
  A rat (D:1)
7 creatures vanquished.

Notes
Turn   | Place    | Note
-------+----------+-------------------------------------------
     0 | D:1      | fleeber the Merfolk Gladiator began the quest for the Orb.
     0 | D:1      | Reached XP level 1. HP: 16/16 MP: 1/1
    85 | D:1      | Slain by a hobgoblin

Illustrated notes

Levels and vault maps discovered:
D:1:      dpeg_arrival_long_road, layout_rooms,
          hellmonk_ecumenical_altar_inner_sanctum, minmay_pentomino_w4

Skill      XL: |  1 |
---------------+----+-----
Long Blades    | 4 |  4.1
Fighting       | |  2.1
Throwing       | |  2.0
Dodging        | |  4.0

Action                   || total
-------------------------++-------
Melee: Long sword        ||    21
Armor: Leather armour    ||     7
Dodge: Dodged            ||    25
